 Dungeon Crawl Stone Soup version 0.27-b1-41-gafb5482f4b (webtiles) character file.

Game seed: 7970387576159722823

4570 Nausicaa the Grappler (level 10, -9/102 HPs)
             Began as a Troll Delver on July 28, 2021.
             Mangled by a gnoll sergeant (10 damage)
             ... on level 9 of the Dungeon.
             The game lasted 00:21:14 (2727 turns).

Nausicaa the Grappler (Troll Delver)                Turns: 2727, Time: 00:21:16

Health: -9/102     AC: 10    Str: 22    XL:     10   Next: 18%
Magic:  18/18      EV:  9    Int:  6    God:
Gold:   154        SH:  5    Dex: 14    Spells: 9/9 levels left

rFire    . . .     SeeInvis .     - Unarmed
rCold    . . .     Faith    .   (no shield)
rNeg     + . .     Spirit   .   K - +0 acid dragon scales
rPois    .         Reflect  +   H - +2 hat
rElec    .         Harm     .   (no cloak)
rCorr    +         Rampage  .   (gloves unavailable)
Will     .....                  (boots unavailable)
Stlth    ++........             B - amulet "Mison" {Reflect rN+ MP+9 SH+5}
HPRegen  1.27/turn              F - ring of flight
MPRegen  0.16/turn              (no ring)

@: attractive, flying
A: large, unfitting armour, claws 3, regeneration 1, shaggy fur 1, tough skin 1
a: no special abilities


You were on level 9 of the Dungeon.
You visited 2 branches of the dungeon, and saw 8 of its levels.
You also visited: Sewer.

You collected 154 gold pieces.

Inventory:

Hand Weapons
 m - a +0 hand crossbow
 C - a +4 scimitar
 D - a +5 hand axe of freezing
 E - the +5 flail "Doalear" {vorpal, rPois Str-5 Int+3}
   (You found it on level 7 of the Dungeon)

   It inflicts extra damage upon your enemies.
   Str:       It affects your strength (-5).
   Int:       It affects your intelligence (+3).
   rPois:     It protects you from poison.
 G - a +1 spear of flaming
 I - a +0 giant club
 M - a +0 great mace
Missiles
 i - 42 poisoned darts (quivered)
 k - 176 stones
 l - 30 bolts
 x - 53 arrows
 z - 10 boomerangs
Armour
 a - a +0 robe
 H - a +2 hat (worn)
 K - +0 acid dragon scales (worn)
Jewellery
 B - the amulet "Mison" (around neck) {Reflect rN+ MP+9 SH+5}
   (You acquired it on level 7 of the Dungeon)

   [amulet of reflection]

   It reflects blocked missile attacks.
   rN:        It protects you from negative energy.
   MP:        It affects your magic capacity (+9).
   SH:        It affects your SH (+5).
 F - a ring of flight (left claw)
Wands
 f - a wand of digging (3)
 t - a wand of polymorph (7)
 A - a wand of flame (21)
Scrolls
 b - 2 scrolls of fog
 c - 2 scrolls of magic mapping
 d - 2 scrolls of fear
 h - a scroll of teleportation
 j - a scroll of blinking {unknown}
 n - a scroll of brand weapon {unknown}
 o - a scroll of immolation {unknown}
 p - a scroll of acquirement
 q - 3 scrolls of identify {unknown}
 v - a scroll of enchant weapon {unknown}
 y - a scroll of enchant armour {unknown}
 J - 3 scrolls of vulnerability {unknown}
Potions
 e - 5 potions of haste
 g - 3 potions of attraction
 r - a potion of brilliance {unknown}
 u - a potion of resistance
 w - a potion of curing
Miscellaneous
 L - a phial of floods


   Skills:
 + Level 7.1 Fighting
 - Level 1.5 Dodging
 - Level 2.7 Stealth
 * Level 12.4 Unarmed Combat


You had 9 spell levels left.
You didn't know any spells.
Your spell library contained the following spells:

 Spells                   Type           Power      Damage    Failure   Level
 Corona                   Hex            0%         N/A       54%         1


Dungeon Overview and Level Annotations

Branches:
Dungeon (9/15)             Temple (1/1) D:7             Orc (0/2) D:9
  Sewer (visited)
   Lair: D:8-11

Altars:
Ashenzari
Cheibriados
Dithmenos
Elyvilon
Kikubaaqudgha
Makhleb
Nemelex Xobeh
Okawaru
Qazlal
Ru
Sif Muna
Trog
Uskayaw
Vehumet
Wu Jian
Zin
The Shining One

Shops:
D:4 !


Innate Abilities, Weirdness & Mutations

You are too large for most types of armour.
You have claws for hands.
Your natural rate of healing is unusually fast.
You are covered in fur. (AC +1)
You have tough skin. (AC +1)


Message History

You barely miss the gnoll sergeant.
You feel sick.
The gnoll hits you from afar with a +0 spear.
* * * LOW HITPOINT WARNING * * *
You claw the gnoll sergeant!
The gnoll sergeant is heavily wounded.
You feel sick.
The gnoll sergeant hits you with a +2 spear of venom.
* * * LOW HITPOINT WARNING * * *
You are more poisoned.
You block the gnoll's attack.
You claw the gnoll sergeant!
The gnoll sergeant is almost dead.
You feel very sick. You block the gnoll sergeant's attack.
You closely miss the gnoll sergeant.
The gnoll sergeant is almost dead.
You feel very sick.
The gnoll hits you from afar with a +0 spear.
* * * LOW HITPOINT WARNING * * *
The gnoll sergeant hits you with a +2 spear of venom.
* * * LOW HITPOINT WARNING * * *
You are more poisoned.
You feel better.
The gnoll hits you from afar with a +0 spear.
* * * LOW HITPOINT WARNING * * *
The gnoll sergeant barely misses you.
It was a potion of resistance.
You feel protected. The gnoll hits you but does no damage.
The gnoll sergeant hits you with a +2 spear of venom.
* * * LOW HITPOINT WARNING * * *
Unknown command.
It was a potion of cancellation.
Your magical effects are unravelling.
You feel magically purged.
Your resistance to elements expires.
The gnoll hits you from afar with a +0 spear.
* * * LOW HITPOINT WARNING * * *
The gnoll sergeant hits you with a +2 spear of venom!
You die...

#gg# #..# #oo# #.†# #..#
######..###
..........######################
######....'oggg.#...........#...
#...######@#.#########.#.##
######.....#.....#.....#...
#.#########.#.########
#...........#.........
######################


You could see a gnoll sergeant, 2 gnolls and an orc.

Vanquished Creatures
  A two-headed ogre (D:8)
  A hornet (D:7)
  Prince Ribbit (D:6)
  A wyvern (D:9)
  A steam dragon (D:8)
  An acid dragon (D:9)
  2 water moccasins
  3 sky beasts
  6 orc warriors
  An ice beast (D:5)
  2 black bears (D:9)
  2 centaurs (D:5)
  A phantom (D:4)
  3 bullfrogs
  3 kobold brigands (Sewer)
  3 scorpions
  A gnoll sergeant (D:9)
  3 wights (D:7)
  6 orc priests
  2 gnoll shamans
  3 hounds
  2 bullfrog skeletons (D:5)
  A centaur skeleton (D:7)
  4 orc wizards (D:9)
  3 howler monkey zombies
  14 gnolls
  4 adders
  2 river rats (Sewer)
  A white imp (D:6)
  An ufetubus (D:6)
  6 worms
  A dart slug (D:4)
  25 orcs
  10 ball pythons
  3 endoplasms
  A giant cockroach (D:4)
  2 goblins (D:4)
  A hobgoblin (D:4)
  10 jackals
  A quokka (D:3)
  10 kobolds
  5 rats
154 creatures vanquished.

Vanquished Creatures (others)
  47 fungi (D:9)
  60 plants (D:9)
107 creatures vanquished.

Grand Total: 261 creatures vanquished

Notes
Turn   | Place    | Note
-------+----------+-------------------------------------------
     0 | D:5      | Nausicaa the Troll Delver began the quest for the Orb.
     0 | D:5      | Reached XP level 1. HP: 22/22 MP: 0/0
     9 | D:4      | Found Tolideb's Distillery.
    88 | D:4      | Noticed an ogre
   191 | D:4      | Reached XP level 2. HP: 29/29 MP: 1/1
   219 | D:3      | Found a glowing drain.
   225 | D:3      | Reached skill level 3 in Unarmed Combat
   260 | D:3      | Reached XP level 3. HP: 36/36 MP: 2/2
   276 | Sewer    | Entered a sewer
   337 | Sewer    | Reached skill level 4 in Unarmed Combat
   540 | Sewer    | Noticed a kobold brigand
   554 | Sewer    | Killed a kobold brigand
   555 | Sewer    | Reached skill level 5 in Unarmed Combat
   555 | Sewer    | Reached XP level 4. HP: 27/44 MP: 3/3
   622 | Sewer    | Reached XP level 5. HP: 50/50 MP: 4/4
   739 | Sewer    | Reached skill level 6 in Unarmed Combat
   761 | Sewer    | Reached XP level 6. HP: 57/59 MP: 5/5
  1108 | D:5      | Noticed a sky beast
  1110 | D:5      | Noticed a water moccasin
  1126 | D:5      | Killed a water moccasin
  1127 | D:5      | Reached skill level 7 in Unarmed Combat
  1127 | D:5      | Reached XP level 7. HP: 40/67 MP: 6/6
  1145 | D:5      | Reached skill level 8 in Unarmed Combat
  1363 | D:5      | Reached XP level 8. HP: 57/79 MP: 7/7
  1384 | D:6      | Noticed Prince Ribbit
  1388 | D:6      | Killed Prince Ribbit
  1389 | D:6      | Reached skill level 9 in Unarmed Combat
  1530 | D:7      | Identified 2 scrolls of acquirement
  1530 | D:7      | Acquired the amulet "Mison" {Reflect rN+ MP+9 SH+5}
  1542 | D:7      | Noticed a hornet
  1544 | D:7      | Found an ancient bone altar of Kikubaaqudgha.
  1548 | D:7      | Paralysed by a hornet for 1 turns
  1553 | D:7      | Killed a hornet
  1554 | D:7      | Reached skill level 5 in Fighting
  1566 | D:7      | Found a shimmering blue altar of Sif Muna.
  1567 | D:7      | Found a radiant altar of Vehumet.
  1571 | D:7      | Reached skill level 10 in Unarmed Combat
  1594 | D:7      | Got Sif Muna's Compendium of the Oath
  1673 | D:7      | Found a staircase to the Ecumenical Temple.
  1677 | D:7      | Reached XP level 9. HP: 83/88 MP: 8/8
  1687 | D:7      | Identified the +5 flail "Doalear" {vorpal, rPois Str-5
                  | Int+3}
  1709 | Temple   | Entered the Ecumenical Temple
  1942 | D:8      | Noticed a two-headed ogre
  2016 | D:8      | Killed a two-headed ogre
  2017 | D:8      | Reached skill level 11 in Unarmed Combat
  2198 | D:8      | Found a stormy altar of Qazlal.
  2424 | D:9      | Reached skill level 12 in Unarmed Combat
  2434 | D:9      | Found a staircase to the Orcish Mines.
  2542 | D:9      | Reached XP level 10. HP: 65/100 MP: 9/9
  2724 | D:9      | HP: 4/102 [gnoll sergeant (3)]
  2727 | D:9      | HP: 1/102 [gnoll (3)]
  2727 | D:9      | Mangled by a gnoll sergeant

Illustrated notes

Levels and vault maps discovered:
D:3:      layout_rooms, portal_sewer_entry_c, kennysheep_generic_room_6
D:4:      layout_cave_pools, serial_column_ruins, column_ruins_open_small,
          column_ruins_corridor_corner, column_ruins_open_tiny_water,
          column_ruins_open_medium, column_ruins_grid_1, serial_shops,
          nicolae_shop_crystal
D:5:      layout_gridville, yredelemnul_altar_generic, minmay_pentangle
D:6:      layout_cave_pools, serial_park_tiny_2, grunt_ministairs_15,
          uniq_pikel, uniq_prince_ribbit1
D:7:      layout_layer_cave, grunt_temple_overflow_magic_moments,
          nicolae_gozag_cash_rules_everything_around_me,
          minmay_temple_entry_glass
D:8:      layout_loops_ring, grunt_qazlal_clouds, uniq_grum
D:9:      layout_loops_ring, mainiacjoe_overflow_alcove_2,
          due_lair_maze_entry_diamond, hiddenorc1_lemuel,
          ebering_ghost_reflecting_pool, roderic_serpentine_path,
          hangedman_abyss_or_decor_lesser_grid, dk_noncrumbling_4,
          minmay_diamond_spiral
Temple:   cyrus_circular_temple

Skill      XL: |  1  2  3  4  5  6  7  8  9 10 |
---------------+-------------------------------+-----
Unarmed Combat | 3 5 6 7 8 10 12 | 12.4
Fighting       | 3 4 5 6 7 |  7.1
Dodging        | |  1.5
Stealth        | |  2.7

Action                   |  1- 3 |  4- 6 |  7- 9 | 10-12 || total
-------------------------+-------+-------+-------+-------++-------
Melee: Unarmed           |    76 |    96 |   221 |    50 ||   443
       Punch             |     1 |     3 |    13 |       ||    17
Evoke: Wand              |       |       |     1 |       ||     1
  Use: Scroll            |       |       |     2 |       ||     2
       Potion            |       |       |       |     5 ||     5
 Stab: Sleeping          |       |     1 |     7 |       ||     8
Armor: Robe              |    25 |    19 |    28 |       ||    72
       Acid dragon scale |       |       |    23 |    27 ||    50
Dodge: Dodged            |    36 |    46 |    94 |    15 ||   191
Block: Other             |       |       |    34 |    15 ||    49
